 Dungeon Crawl Stone Soup version 0.26.1-11-gd32895ea62 (webtiles) character file.

Game seed: 17017459659494759905

8861 Almogavar the Thaumaturge (level 11, -7/56 HPs)
             Began as a Deep Elf Conjurer on July 8, 2021.
             Was an Elder of Sif Muna.
             Mangled by a sixfirhy (12 damage)
             ... on level 10 of the Dungeon.
             The game lasted 00:42:29 (11011 turns).

Almogavar the Thaumaturge (Deep Elf Conjurer)      Turns: 11011, Time: 00:42:30

Health: -7/56      AC:  8    Str:  4    XL:     11   Next: 15%
Magic:  27/30      EV: 17    Int: 27    God:    Sif Muna [****..]
Gold:   662        SH:  0    Dex: 19    Spells: 28/36 levels left

rFire    + . .     SeeInvis .   M - staff of fire
rCold    . . .     Faith    .   (no shield)
rNeg     . . .     Spirit   .   C - +0 leather armour {rPois}
rPois    +         Reflect  .   i - +2 hat
rElec    .         Harm     .   K - +0 cloak
rCorr    .         Rampage  .   (no gloves)
Will     +....                  q - +0 pair of boots
Stlth    +++.......             A - amulet of magic regeneration
HPRegen  0.18/turn              k - +6 ring of dexterity
MPRegen  0.47/turn              d - +4 ring of evasion

@: no status effects
A: no striking features
a: Renounce Religion, Channel Magic, Forget Spell, Divine Exegesis


You were on level 10 of the Dungeon.
You worshipped Sif Muna.
Sif Muna was greatly pleased with you.
You visited 1 branch of the dungeon, and saw 10 of its levels.

You collected 662 gold pieces.

Inventory:

Hand Weapons
 P - the +7 mace of Variability {chain chaos}
   (You found it on level 10 of the Dungeon)

   Each time it hits an enemy it has a different, random effect.
 Q - a +3 dagger
Armour
 i - a +2 hat (worn)
 l - a +2 scale mail of cold resistance
 n - a +2 leather armour of cold resistance
 q - a +0 pair of boots (worn)
 C - a +0 leather armour of poison resistance (worn)
 D - a +2 chain mail of fire resistance
 K - a +0 cloak (worn)
Magical Staves
 M - an uncursed staff of fire (weapon)
Jewellery
 a - an uncursed ring of protection from fire
 d - a +4 ring of evasion (right hand)
 h - an uncursed ring of positive energy
 k - a +6 ring of dexterity (left hand)
 s - an uncursed ring of stealth
 A - an amulet of magic regeneration (around neck)
 I - an uncursed ring of fire
 L - an uncursed ring of protection from fire
Wands
 y - a wand of random effects (13)
 z - a wand of digging (2)
 E - a wand of paralysis (11)
 G - a wand of flame (10)
Scrolls
 c - a scroll of fear
 f - 5 scrolls of remove curse
 g - 4 scrolls of amnesia
 o - a scroll of teleportation
 u - a scroll of fog {unknown}
 w - a scroll of magic mapping {unknown}
 x - a scroll of noise {unknown}
 B - a scroll of enchant weapon {unknown}
 J - a scroll of silence {unknown}
 N - a scroll of holy word {unknown}
Potions
 b - 7 potions of curing
 e - 5 potions of heal wounds
 j - 2 potions of magic
 p - a potion of resistance
 r - a potion of flight
 t - 2 potions of attraction {unknown}
 v - a potion of brilliance {unknown}
 F - a potion of experience {unknown}
 H - 2 potions of ambrosia {unknown}
Miscellaneous
 O - a lightning rod (4/4)


   Skills:
 + Level 1.3 Fighting
 + Level 4.4 Armour
 + Level 3.5 Dodging
 + Level 5.5 Stealth
 + Level 13.4 Spellcasting
 + Level 11.1 Conjurations
 + Level 4.0 Summonings
 + Level 6.3 Translocations


You had 28 spell levels left.
You knew the following spells:

 Your Spells              Type           Power        Failure   Level
a - Magic Dart            Conj           100%         1%          1
b - Searing Ray           Conj           100%         1%          2
c - Iskenderun's Mystic   Conj/Tloc      60%          1%          4
d - Summon Small Mammal   Summ           100%         1%          1

Your spell library contained the following spells:

 Spells                   Type           Power        Failure   Level
 Apportation              Tloc           100%         1%          1
 Dazzling Flash           Conj/Hex       96%          1%          3
 Gell's Gravitas          Tloc           25%          1%          3
 Animate Skeleton         Necr           36%          4%          1
 Beastly Appendage        Tmut           36%          4%          1
 Corona                   Hex            20%          4%          1
 Fulminant Prism          Conj/Hex       24%          4%          4
 Wereblood                Tmut           18%          8%          2
 Confusing Touch          Hex            18%          16%         3
 Spider Form              Tmut/Pois      9%           16%         3
 Ice Form                 Ice/Tmut       18%          45%         4
 Petrify                  Tmut/Erth      18%          45%         4
 Blade Hands              Tmut           9%           80%         5
 Metabolic Englaciation   Hex/Ice        9%           80%         5
 Yara's Violent Unravell  Hex/Tmut       9%           80%         5


Dungeon Overview and Level Annotations

Branches:
Dungeon (10/15)            Temple (0/1) D:7            Lair (0/6) D:8
    Orc (0/2) D:10

Altars:
Ashenzari
Cheibriados
Elyvilon
Makhleb
Okawaru
Ru
Sif Muna
Wu Jian
Xom
The Shining One


Message History

The sixfirhy hits you but does no damage.
The sixfirhy hits you. The sixfirhy shocks you!
The sixfirhy completely misses you.
Your rat misses the sixfirhy.
Your rat completely misses the sixfirhy.
Casting: Searing Ray (safe; 1% risk of failure)
Confirm with . or Enter, or press ? or * to list all spells.
Aiming: Searing Ray (safe; 1% risk of failure)
Press: ? - help, Shift-Dir - straight line, f/p - sixfirhy
Aim: a sixfirhy (lightly wounded, 39% to evade)
The searing ray hits the sixfirhy.
The sixfirhy is moderately wounded. (Press . to maintain the ray.)
Your rat misses the sixfirhy.
The searing ray misses the sixfirhy.
The sixfirhy hits you. The sixfirhy shocks you!
* * * LOW HITPOINT WARNING * * *
The sixfirhy closely misses you. The sixfirhy hits you!
* * * LOW HITPOINT WARNING * * *
The sixfirhy shocks you!
You die...

#.##.#⌠.≈..⌠##.#
#.##.(..<><#.⌠.############
#.##...+..≈....#...........
#.##.⌠...#∩....#.##########
#.##...........#.##########
#.###.####.......##........
#.....# #.###.####.#######
#####.# ##.###.# #.#
#.###.@.##.####.#
#......3r....##.#
#####....###.##.#
##.#.'$#..#.# #.#.###....#
#.#.....##.# #.########.#
### #.########.#####..
#.##....).)......#


You could see a sixfirhy and a friendly rat (summoned).

Vanquished Creatures
  4 two-headed ogres
  2 komodo dragons
  5 slime creatures
  A wraith (D:10)
  A wyvern (D:10)
  2 chaos spawn (D:10)
  A warg (D:10)
  A soldier ant (D:10)
  4 orc warriors
  2 sky beasts
  A necrophage (D:6)
  A black bear (D:8)
  2 phantoms
  8 ogres
  A centaur (D:7)
  A big kobold (D:8)
  2 bullfrogs
  A wyvern skeleton (D:9)
  3 scorpions
  6 killer bees (D:8)
  4 wights (D:10)
  2 howler monkeys
  4 centaur zombies
  3 hounds
  A bullfrog zombie (D:8)
  4 orc priests
  6 orc wizards
  4 jellies
  A centaur skeleton (D:8)
  3 iguanas
  4 worker ants
  A hound zombie (D:8)
  A hound skeleton (D:9)
  A worker ant zombie (D:10)
  9 adders
  16 gnolls
  4 shadow imps
  3 white imps
  2 ufetubi
  3 adder skeletons
  An adder zombie (D:6)
  3 worms
  3 dart slugs
  7 leopard geckos
  39 orcs
  4 giant cockroaches
  7 goblins
  8 hobgoblins
  7 jackals
  4 kobolds
  4 quokkas
  A ball python (D:2)
  6 bats
  4 frilled lizards
  2 leopard gecko skeletons (D:6)
  2 quokka zombies
  12 rats
239 creatures vanquished.

Vanquished Creatures (others)
  14 plants (D:8)
14 creatures vanquished.

Grand Total: 253 creatures vanquished

Notes
Turn   | Place    | Note
-------+----------+-------------------------------------------
     0 | D:1      | Almogavar the Deep Elf Conjurer began the quest for the
                  | Orb.
     0 | D:1      | Reached XP level 1. HP: 10/10 MP: 6/6
   272 | D:1      | Reached XP level 2. HP: 15/15 MP: 4/8
   275 | D:1      | Learned a level 2 spell: Searing Ray
   392 | D:1      | Reached skill level 5 in Conjurations
   611 | D:1      | Found a glowing golden altar of the Shining One.
   796 | D:2      | Reached XP level 3. HP: 19/19 MP: 4/9
  1056 | D:2      | Reached XP level 4. HP: 24/24 MP: 5/11
  1508 | D:2      | Reached skill level 4 in Spellcasting
  1572 | D:2      | Reached XP level 5. HP: 28/28 MP: 9/13
  1614 | D:2      | Learned a level 4 spell: Iskenderun's Mystic Blast
  2802 | D:3      | Noticed a phantom
  2810 | D:3      | Killed a phantom
  2811 | D:3      | Reached skill level 5 in Spellcasting
  2811 | D:3      | Reached skill level 1 in Translocations
  2811 | D:3      | Reached XP level 6. HP: 32/32 MP: 5/15
  3048 | D:3      | Found a white marble altar of Elyvilon.
  3713 | D:4      | Found an iron altar of Okawaru.
  3716 | D:4      | Found a sacrificial altar of Ru.
  3719 | D:4      | Found an ornate altar of the Wu Jian Council.
  3722 | D:4      | Found a shimmering blue altar of Sif Muna.
  3726 | D:4      | Became a worshipper of Sif Muna the Loreminder
  3817 | D:4      | Reached skill level 1 in Armour
  4016 | D:4      | Reached skill level 6 in Spellcasting
  4016 | D:4      | Reached XP level 7. HP: 36/36 MP: 13/18
  4412 | D:5      | Entered Level 5 of the Dungeon
  4617 | D:5      | Found a burning altar of Makhleb.
  5340 | D:5      | Found a shimmering altar of Xom.
  5495 | D:6      | Learned a level 1 spell: Summon Small Mammal
  5634 | D:6      | Reached * piety under Sif Muna
  5856 | D:6      | Reached skill level 7 in Spellcasting
  5858 | D:6      | Reached XP level 8. HP: 22/41 MP: 9/20
  6754 | D:6      | Reached skill level 1 in Summonings
  6980 | D:7      | Found a staircase to the Ecumenical Temple.
  7026 | D:7      | Reached ** piety under Sif Muna
  7070 | D:7      | Reached skill level 8 in Spellcasting
  7697 | D:8      | Noticed a two-headed ogre
  7707 | D:8      | Killed a two-headed ogre
  7708 | D:8      | Reached skill level 9 in Spellcasting
  7708 | D:8      | Reached skill level 5 in Translocations
  7708 | D:8      | Reached XP level 9. HP: 45/45 MP: 18/24
  7843 | D:8      | Found a broken altar of Ashenzari.
  7949 | D:8      | Reached skill level 5 in Stealth
  8001 | D:8      | Found a staircase to the Lair.
  8002 | D:8      | Noticed a komodo dragon
  8014 | D:8      | Killed a komodo dragon
  8056 | D:8      | Reached skill level 10 in Spellcasting
  8323 | D:8      | Reached skill level 11 in Spellcasting
  8523 | D:9      | Reached *** piety under Sif Muna
  8524 | D:9      | Reached XP level 10. HP: 50/50 MP: 23/27
  8763 | D:9      | Noticed a two-headed ogre
  8768 | D:9      | Killed a two-headed ogre
  9116 | D:9      | Reached skill level 12 in Spellcasting
  9198 | D:9      | Reached skill level 10 in Conjurations
  9335 | D:9      | Found a snail-covered altar of Cheibriados.
  9335 | D:9      | Found a shimmering altar of Xom.
  9524 | D:10     | Entered Level 10 of the Dungeon
  9551 | D:10     | Found an ornate altar of the Wu Jian Council.
  9555 | D:10     | Noticed a two-headed ogre
  9556 | D:10     | Noticed a two-headed ogre
  9570 | D:10     | Killed a two-headed ogre
  9571 | D:10     | Killed a two-headed ogre
  9572 | D:10     | Reached skill level 13 in Spellcasting
  9844 | D:10     | Found a runed translucent door.
  9844 | D:10     | Found a shimmering altar of Xom.
  9844 | D:10     | Noticed a sixfirhy
  9845 | D:10     | Found the +7 mace of Variability {chain chaos}
  9884 | D:10     | Reached XP level 11. HP: 55/55 MP: 25/30
 10173 | D:10     | Found a staircase to the Orcish Mines.
 10252 | D:10     | Reached skill level 1 in Fighting
 10457 | D:10     | Reached **** piety under Sif Muna
 11011 | D:10     | Mangled by a sixfirhy

Illustrated notes

Levels and vault maps discovered:
D:1:      scummos_arrival_forest, layout_loops_ring, tso_altar
D:2:      layout_loops_ring, minmay_quadrilaterals
D:3:      layout_basic, elyvilon_altar_4
D:4:      layout_basic, grunt_temple_overflow_cloverleaf
D:5:      layout_gridville, overflow_temple_1_default, serial_glass,
          glass_columns_a, glass_columns_a, glass_columns_a, glass_columns_c,
          glass_columns_b, glass_columns_a, glass_columns_a, glass_columns_c,
          tgw_xom
D:6:      layout_cave_pods, minmay_misc_feat_five
D:7:      layout_cave_pools, minmay_temple_entry_sparse_star
D:8:      layout_gridville, evilmike_ruin_ashenzari, david_lair_shrubbed,
          blue_anna_alchemist [blue_anna_fruit_fields, blue_anna_fruit_fields]
D:9:      layout_rooms, gammafunk_temple_overflow_statue
D:10:     cheibrodos_shockbox, layout_loops_ring, erik_orc_3, basic_altar,
          minmay_guarded_unrand_variability

Skill      XL: |  1  2  3  4  5  6  7  8  9 10 11 |
---------------+----------------------------------+-----
Conjurations   | 5 6 7 8 9 10 11 | 11.1
Stealth        | 3 4 5 |  5.5
Spellcasting   | 4 5 6 7 9 11 13 | 13.4
Translocations | 1 2 3 5 6 |  6.3
Armour         | 1 2 3 4 |  4.4
Summonings     | 3 4 |  4.0
Dodging        | 3 |  3.5
Fighting       | 1 |  1.3

Action                   |  1- 3 |  4- 6 |  7- 9 | 10-12 || total
-------------------------+-------+-------+-------+-------++-------
 Cast: Magic Dart        |    28 |    68 |   118 |    62 ||   276
       Searing Ray       |     7 |    26 |    81 |    47 ||   161
       Summon Small Mamm |       |       |     1 |     2 ||     3
       Iskenderun's Myst |       |       |     1 |    14 ||    15
  Use: Scroll            |       |     1 |     9 |     2 ||    12
Armor: Leather armour    |       |     1 |     5 |     7 ||    13
Dodge: Dodged            |       |     8 |    17 |    21 ||    46
